 Dungeon Crawl Stone Soup version 0.27.1-33-g824d729ab1 (webtiles) character file.

Game seed: 8825091071724701989

36 lordive the Shield-Bearer (level 3, -4/23 HPs)
             Began as a Gargoyle Fighter on Dec 26, 2021.
             Killed by divine providence
             ... invoked by an orc priest
              (15 damage)
             ... on level 3 of the Dungeon.
             The game lasted 00:01:19 (934 turns).

lordive the Shield-Bearer (Gargoyle Fighter)         Turns: 934, Time: 00:01:20

Health: -4/23      AC: 10    Str: 20    XL:     3   Next: 37%
Magic:  3/3        EV:  7    Int:  8    God:
Gold:   75         SH:  9    Dex:  9    Spells: 2/2 levels left

rFire    . . .     SeeInvis .   a - +0 flail
rCold    . . .     Faith    .   c - +0 kite shield
rNeg     + . .     Spirit   .   b - +0 scale mail
rPois    ∞         Reflect  .   (no helmet)
rElec    +         Harm     .   (no cloak)
rCorr    .         Rampage  .   (no gloves)
Will     .....                  (no boots)
Stlth    ..........             (no amulet)
HPRegen  0.07/turn              (no ring)
MPRegen  0.08/turn              (no ring)

@: no status effects
A: sickness immunity, AC +3, negative energy resistance 1, electricity
resistance, torment resistance 1, petrification resistance
a: no special abilities


You were on level 3 of the Dungeon.
You visited 1 branch of the dungeon, and saw 3 of its levels.

You collected 75 gold pieces.

Inventory:

Hand Weapons
 a - a +0 flail (weapon)
 j - a +4 dagger
Armour
 b - a +0 scale mail (worn)
 c - a +0 kite shield (worn)
Jewellery
 h - a +4 ring of slaying
Scrolls
 e - a scroll of brand weapon {unknown}
 f - a scroll of noise {unknown}
 g - a scroll of identify {unknown}
 i - a scroll of amnesia {unknown}
Potions
 d - 2 potions of might


   Skills:
 * Level 3.5 Fighting
 * Level 2.3 Maces & Flails
 * Level 3.6 Armour
 * Level 0.2 Dodging
 * Level 3.9 Shields


You had 2 spell levels left.
You didn't know any spells.
Your spell library was empty.

Dungeon Overview and Level Annotations

Branches:
Dungeon (3/15)

Altars:


Innate Abilities, Weirdness & Mutations

You are immune to sickness and miasma.
Your stone body is resilient. (AC +3)
You are immune to poison.
You resist negative energy. (rN+)
You are resistant to electric shocks. (rElec)
You are resistant to unholy torment.
You are immune to petrification.


Message History

HP restored.
You hear the rapid rusting of a very distant drain.
You hear the rapid rusting of a very distant drain.
A goblin comes into view. It is wielding a +4 dagger.
A ball python comes into view.
The ball python hisses angrily.
The goblin hits you with a +4 dagger.
You sock the goblin!
You kill the goblin!
You block the ball python's attack. The ball python grabs you.
The ball python constricts you.
You hit the ball python.
You kill the ball python!
Things that are here:
a +4 dagger; a ball python corpse; a goblin corpse
Things that are here:
a +4 dagger; a ball python corpse; a goblin corpse
j - a +4 dagger
Found 9 stones.
An orc comes into view.
It is wielding a +2 hand axe of electrocution.
The orc shouts!
An endoplasm comes into view.
An orc priest comes into view. It is wielding a +0 short sword.
The orc priest shouts!
You hear a shout!
The orc priest mumbles some strange prayers to Beogh against you.
Beogh smites you!
Ouch! That really hurt!
You hear a shout!
A quokka comes into view.
You hear the drain falling apart.
You hear a shout!
The endoplasm barely misses you.
An orc comes into view. It is wielding a +0 dagger of venom.
You sock the orc!
You kill the orc!
You block the endoplasm's attack.
The orc priest mumbles some strange prayers to Beogh against you.
Beogh smites you!
Ouch! That really hurt!
You die...

... .. ### ##...
####...# ###......#
###########.....#.#
###........†....##..#
....########....#...
##### #....##.#.# #
#.####..@)# ### #.
#...#J#o.o... ... #
#.###........ ### #.
r..#..... ... . ...#
.... .## . ..... ...
... .. ....## ## ##.
.....# #


You could see an orc priest, an orc, an endoplasm and a quokka.

Vanquished Creatures
  2 adders (D:3)
  An orc (D:3)
  4 endoplasms (D:3)
  A giant cockroach (D:3)
  A hobgoblin (D:3)
  4 ball pythons
  A bat (D:2)
  2 goblins
  A kobold (D:3)
  3 rats
20 creatures vanquished.

Notes
Turn   | Place    | Note
-------+----------+-------------------------------------------
     0 | D:1      | lordive the Gargoyle Fighter began the quest for the Orb.
     0 | D:1      | Reached XP level 1. HP: 14/14 MP: 1/1
   119 | D:1      | You fall into a shaft and drop 1 floor!
   246 | D:3      | Reached XP level 2. HP: 4/19 MP: 2/2
   590 | D:3      | Reached XP level 3. HP: 2/23 MP: 3/3
   934 | D:3      | Killed from afar by an orc priest

Illustrated notes

Levels and vault maps discovered:
D:1:      ncdulo_wetmaze, layout_loops_ring,
          shapermc_ecumenical_altar_mp_vishouse
D:2:      layout_basic, uniq_natasha
D:3:      layout_rooms, lightli_sewer_entry_pipes

Action                   || total
-------------------------++-------
Melee: Flail             ||    59
Armor: Scale mail        ||    37
Dodge: Dodged            ||    19
Block: Kite shield       ||    33
